 Dungeon Crawl Stone Soup version 0.30-a0-772-g5528072125 (webtiles) character file.

Game seed: 6437434914411535743

112 cowhearter the Slasher (level 4, -6/36 HPs)
             Began as a Demonspawn Monk on Feb 13, 2023.
             Mangled by a water moccasin (8 damage)
             ... in a sewer.
             The game lasted 00:05:14 (2019 turns).

cowhearter the Slasher (Demonspawn Monk)            Turns: 2019, Time: 00:05:15

Health: -6/36      AC:  4    Str: 13    XL:     4   Next: 64%
Magic:  4/4        EV: 13    Int: 11    God:
Gold:   153        SH:  0    Dex: 16    Spells: 3/3 levels left

rFire   . . .      SeeInvis .    a - +0 falchion
rCold   . . .      Faith    .    d - orb {mayhem}
rNeg    . . .      Spirit   .    b - +0 robe
rPois   .          Reflect  .    (no helmet)
rElec   .          Harm     .    (no cloak)
rCorr   .          Rampage  .    (no gloves)
Will    .....                    (no boots)
Stlth   ++                       (no amulet)
HPRegen 0.26/turn                (no ring)
MPRegen 0.09/turn                (no ring)

@: lethally poisoned (-6 -> -17), studying Air Magic
A: sharp scales 2
a: no special abilities


You were in a sewer.
You visited 1 branch of the dungeon, and saw 3 of its levels.
You also visited: Sewer.

You collected 153 gold pieces.

Inventory:

Hand Weapons
 a - a +0 falchion (weapon)
 h - a +0 rapier
Missiles
 g - 2 poisoned darts (quivered)
Armour
 b - a +0 robe (worn)
 d - an orb of mayhem (worn)
 i - an orb of mayhem
Scrolls
 e - a scroll of amnesia {unknown}
 f - 6 scrolls of identify {unknown}
 j - a scroll of enchant weapon {unknown}
 k - a scroll of teleportation {unknown}
 l - 2 scrolls of blinking {unknown}
 n - a scroll of torment {unknown}
 o - a scroll of noise {unknown}
 q - a scroll of fog {unknown}
 r - a scroll of poison {unknown}
Potions
 c - a potion of ambrosia
 m - a potion of brilliance {unknown}
 p - a potion of mutation {unknown}
 s - a potion of heal wounds {unknown}


   Skills:
 + Level 3.6 Fighting
 + Level 3.9 Long Blades
 + Level 3.2 Dodging
 + Level 2.3 Stealth


You had 3 spell levels left.
You didn't know any spells.
Your spell library contained the following spells:

 Spells                   Type           Power      Damage    Failure   Level
 Slow                     Hex            0%         N/A       34%         1
 Cigotuvi's Dreadful Rot  Necr/Pois/Air  0%         N/A       47%         2
 Poisonous Vapours        Pois/Air       0%         N/A       47%         2
 Sublimation of Blood     Necr           0%         N/A       47%         2
 Wereblood                Tmut           0%         N/A       47%         2
 Confusing Touch          Hex            0%         N/A       71%         3
 Mephitic Cloud           Conj/Pois/Air  0%         N/A       71%         3
 Vampiric Draining        Necr           0%         2d6       71%         3
 Summon Hydra             Summ           0%         N/A       100%        7


Dungeon Overview and Level Annotations

Branches:
Dungeon (3/15)              Sewer (1/1)

Altars:

Shops:
D:2 !


Innate Abilities, Weirdness & Mutations

You are mostly covered in razor-sharp scales. (AC +2, Slay +2)


Message History

l - 2 scrolls labelled TOWNIHO NEDUOT (gained 1)
s - a lumpy clear potion You enter the shallow water.
Moving in this stuff is going to be slow.
You enter the shallow water.
Moving in this stuff is going to be slow.
A water moccasin comes into view.
Found an orange potion and 14 gold pieces.
A water moccasin is nearby!
Found 16 gold pieces.
You enter the shallow water.
Moving in this stuff is going to be slow.
Found a scroll labelled HAINIDDY TONKO.
The water moccasin bites you.
Found 5 stones.
The water moccasin bites you.
You are poisoned.
The water moccasin poisons you! The water moccasin bites you.
You hit the water moccasin.
The water moccasin is lightly wounded.
You feel very sick. The water moccasin barely misses you.
You slash the water moccasin!
The water moccasin is heavily wounded.
You feel very sick. The water moccasin closely misses you.
The water moccasin bites you.
You miss the water moccasin.
The water moccasin is heavily wounded.
You feel sick. The water moccasin bites you.
You closely miss the water moccasin.
The water moccasin is heavily wounded.
You feel sick. The water moccasin bites you.
* * * LOW HITPOINT WARNING * * *
You are lethally poisoned!
The water moccasin poisons you! The water moccasin bites you.
* * * LOW HITPOINT WARNING * * *
You barely miss the water moccasin.
The water moccasin is heavily wounded.
* * * LOW HITPOINT WARNING * * *
You feel very sick. The water moccasin bites you!
You die...

######## ###......###
### ###....~..~..###
(?#
##...~.####~....##~$#
.....### ###.~...###
...~## ##~.S~..#
....~# #...@.###
##.~~~.# #~~...##~!#
###.......~..### $#
##......## # ######


You could see a water moccasin.

Vanquished Creatures
  An orc wizard (D:3)
  An adder (D:3)
  3 worms
  3 dart slugs
  2 orcs (D:3)
  An endoplasm (D:3)
  A giant cockroach (D:1)
  6 hobgoblins
  8 jackals
  5 quokkas
  5 ball pythons
  A bat (D:1)
  2 frilled lizards (D:1)
  8 goblins
  4 kobolds
  7 rats
58 creatures vanquished.

Vanquished Creatures (collateral kills)
  A kobold (D:1)
1 creature vanquished.

Grand Total: 59 creatures vanquished

Notes
Turn   | Place    | Note
-------+----------+-------------------------------------------
     0 | D:1      | cowhearter the Demonspawn Monk began the quest for the Orb.
     0 | D:1      | Reached XP level 1. HP: 18/18 MP: 1/1
     3 | D:1      | Noticed an electric eel
     4 | D:1      | Noticed an electric eel
   152 | D:1      | Gained mutation: You are partially covered in razor-sharp
                  | scales. (AC +1, Slay +1) [demonic ancestry]
   152 | D:1      | Reached XP level 2. HP: 20/24 MP: 2/2
   703 | D:1      | Gained mutation: You are mostly covered in razor-sharp
                  | scales. (AC +2, Slay +2) [demonic ancestry]
   703 | D:1      | Reached XP level 3. HP: 26/29 MP: 3/3
  1258 | D:2      | Found Maren's Distillery.
  1687 | D:2      | You fall into a shaft and drop 1 floor!
  1838 | D:3      | Reached XP level 4. HP: 34/35 MP: 4/4
  1946 | D:3      | Found a glowing drain.
  1958 | Sewer    | Entered a sewer
  2010 | Sewer    | Noticed a water moccasin
  2019 | Sewer    | Mangled by a water moccasin

Illustrated notes

Levels and vault maps discovered:
D:1:      arrival_aquarium_b, layout_basic, minmay_door_square, nrook_uturn
D:2:      layout_loops_cross, serial_shops, nicolae_square_shop
D:3:      layout_basic, mainiacjoe_overflow_alcove_2, gup_sewer_entry_bubbles,
          serial_shops, nicolae_diamond_shop, st_stairs_9, minmay_surrounded
Sewer:    sewer_the_moccasin

Skill      XL: |  1  2  3 |
---------------+----------+-----
Long Blades    | 3 |  3.9
Dodging        | 3 |  3.2
Stealth        | 2 |  2.3
Fighting       | |  3.6

Action                     |  1- 3 |  4- 6 || total
---------------------------+-------+-------++-------
  Melee: Falchion          |   118 |    44 ||   162
   Stab: Sleeping          |     4 |     2 ||     6
 Armour: Robe              |    21 |     8 ||    29
  Dodge: Dodged            |    71 |    23 ||    94

Table legend: (Time is in decaauts)
 A = Elapsed time spent in this place.
 B = Non-inter-level travel time spent in this place.
 C = Inter-level travel time spent in this place.
 D = Time resting spent in this place.
 E = Time spent auto-exploring this place.
 F = Levels seen in this place.
 G = Mean time per level.
                   A        B        C        D        E       F      G
               +--------+--------+--------+--------+--------+-----+--------+
         Total |   2057 |   1955 |    102 |     60 |   1191 |   4 |  514.2 |
       Dungeon |   1992 |   1890 |    102 |     60 |   1145 |   3 |  664.0 |
         Sewer |     65 |     65 |      0 |      0 |     46 |   1 |   65.0 |
               +--------+--------+--------+--------+--------+-----+--------+

Top non-repeatable levels by time:
     D:1: 995 daAuts
     D:2: 706 daAuts
     D:3: 291 daAuts
   Sewer: 65 daAuts
